 Dungeon Crawl Stone Soup version 0.21-a0-221-gfe971b9 (webtiles) character file.

64 KristoblXynda the Stinger (level 3, -2/26 HPs)
             Began as a Draconian Venom Mage on Aug 26, 2017.
             Slain by an orc
             ... wielding a +0 club
              (5 damage)
             ... on level 2 of the Dungeon.
             The game lasted 00:05:21 (2826 turns).

KristoblXynda the Stinger (Draconian Venom Mage)    Turns: 2826, Time: 00:05:22

Health: -2/26      AC:  5    Str: 10    XL:     3   Next: 91%
Magic:  7/7        EV: 12    Int: 16    God:
Gold:   60         SH:  0    Dex: 11    Spells: 3/7 levels left

rFire    . . .     SeeInvis .   c - +0 dagger
rCold    . . .     Gourm    .   (no shield)
rNeg     . . .     Faith    .   (armour unavailable)
rPois    .         Spirit   .   (helmet restricted)
rElec    .         Reflect  .   (no cloak)
rCorr    .         Harm     .   (no gloves)
MR       .....                  (no boots)
Stlth    ++........             (no amulet)
HPRegen  0.08/turn              (no ring)
MPRegen  0.10/turn              (no ring)

@: no status effects
A: unfitting armour, cold-blooded, AC +5
a: no special abilities


You were on level 2 of the Dungeon.
You were not hungry.

You visited 1 branch of the dungeon, and saw 3 of its levels.

You collected 60 gold pieces.

Inventory:

Hand Weapons
 c - a +0 dagger (weapon)
Jewellery
 e - an uncursed ring of positive energy {unknown}
 g - a +6 ring of strength {unknown}
Scrolls
 h - a scroll of identify {unknown}
Potions
 d - a potion of lignification {unknown}
 j - a potion of agility {unknown}
Books
 a - a Young Poisoner's Handbook

   Spells                             Type                      Level
   a - Sting                          Conjuration/Poison           1
   b - Poisonous Vapours              Poison/Air                   2
   c - Mephitic Cloud                 Conjuration/Poison/Air       3
   d - Olgreb's Toxic Radiance        Poison                       4
   e - Venom Bolt                     Conjuration/Poison           5
Comestibles
 b - 4 bread rations
 i - a chunk of flesh


   Skills:
 + Level 1.5 Short Blades
 - Level 1.7 Dodging
 - Level 1.7 Stealth
 + Level 2.9 Spellcasting
 + Level 2.4 Conjurations
 - Level 3.0 Poison Magic


You had 3 spell levels left.
You knew the following spells:

 Your Spells              Type           Power        Failure   Level  Hunger
a - Sting                 Conj/Pois      ##..         6%          1    #......
b - Mephitic Cloud        Conj/Pois/Air  #.......     26%         3    ###....


Dungeon Overview and Level Annotations

Branches:
Dungeon (3/15)

Altars:
Gozag
Ru

Annotations:
D:3 Sigmund


Innate Abilities, Weirdness & Mutations

Your plain brown scales are hard. (AC +5)
You cannot fit into any form of body armour.
You are cold-blooded and may be slowed by cold attacks.


Message History

The orc misses you. The orc hits you but does no damage.
The orc hits you with a mace.
You closely miss the orc.
The orc is moderately wounded.
The orc barely misses you. x2
Casting: Sting
Confirm with . or Enter, or press ? or * to list all spells.
Aiming: Sting
Press: ? - help, Shift-Dir - straight line, p - orc The sting hits the orc.
The orc is poisoned.
The orc is heavily wounded.
The orc hits you with a mace!
* * * LOW HITPOINT WARNING * * *
The orc hits you with a club.
* * * LOW HITPOINT WARNING * * *
The orc barely misses you.
It was a potion of magic.
Magic courses through your body. The orc closely misses you.
The orc barely misses you. The orc hits you with a club.
You die...

#'##### #......# ......#
#......# ### ......# #......#
#.# ......#### #......# #.#
.........#########......###.#
......#..........'..........#
#.#####...########........#.#
#.........######o#........#.#
.....).........o@#........#.#
####.##.#......#o#........#.#
#8##.##.#...##.#.#..........#
...'.##.#....#.#.########.###
#8#####.#....#.#.# #.# ###
#.#.#....#.# #.# #.#.#..###.#
#.####### #.#........#
#........ #####
#.####..##.################


You could see 3 orcs.

Vanquished Creatures
  An adder (D:2)
  A worm (D:2)
  2 dart slugs
  A leopard gecko (D:3)
  2 orcs (D:3)
  A ball python (D:1)
  3 giant cockroaches
  4 goblins
  7 hobgoblins
  2 jackals (D:1)
  4 kobolds
  A quokka (D:2)
  5 bats
  A frilled lizard (D:2)
  A quokka skeleton (D:3)
  4 rats
40 creatures vanquished.

Notes
Turn   | Place    | Note
-------+----------+-------------------------------------------
     0 | D:1      | KristoblXynda the Draconian Venom Mage began the quest for the Orb.
     0 | D:1      | Reached XP level 1. HP: 14/14 MP: 3/3
   228 | D:1      | Reached XP level 2. HP: 20/20 MP: 1/5
  1154 | D:2      | Found an opulent altar of Gozag.
  1229 | D:2      | Reached XP level 3. HP: 26/26 MP: 3/6
  1482 | D:2      | Reached skill level 1 in Short Blades
  1592 | D:2      | Learned a level 3 spell: Mephitic Cloud
  1599 | D:2      | Found a sacrificial altar of Ru.
  2674 | D:3      | Noticed Sigmund
  2826 | D:2      | Slain by an orc

Vault maps used:
D:1:      roderic_crossed_star, wad_floor_pattern_untrapped
D:2:      nicolae_gozag_seed_capital, nicolae_overflow_crystal_walls,
          first_bread, dk_noncrumbling_2
D:3:      old_standard_altar, overflow_temple_1_default, uniq_robin,
          uniq_terence, uniq_sigmund, uniq_natasha

Skill      XL: |  1  2  3 |
---------------+----------+-----
Conjurations   | 2 |  2.4
Short Blades   | 1 |  1.5
Dodging        | |  1.7
Stealth        | |  1.7
Spellcasting   | |  2.9
Poison Magic   | |  3.0

Action                   || total
-------------------------++-------
Melee: Unarmed           ||     7
       Tailslap          ||     7
       Dagger            ||    80
 Cast: Sting             ||    66
  Use: Potion            ||     1
  Eat: Chunk             ||     5
       Bread ration      ||     1
Armor: Skin              ||    28
Dodge: Dodged            ||    72

Table legend:
 A = Spawn XP
 B = Non-spawn XP
 C = Spawn XP percentage of total XP
 D = Spawn monster count
 E = Non-spawn monster count
 F = Spawn count percentage of total count
 G = Total turns spent on level
                    A         B        C        D         E        F      G
               +---------+---------+-------+---------+---------+-------+---------
         Total |      20 |      72 |  21.7 |       9 |      31 |  22.5 |  2826
               +---------+---------+-------+---------+---------+-------+---------
           D:1 |       6 |      24 |  20.0 |       3 |      12 |  20.0 |   977
           D:2 |      14 |      38 |  26.9 |       6 |      15 |  28.6 |  1769
           D:3 |       0 |      10 |   0.0 |       0 |       4 |   0.0 |    80
               +---------+---------+-------+---------+---------+-------+---------
